 Dungeon Crawl Stone Soup version 0.30.1-6-gbe392663c4 (webtiles) character file.

Game seed: 8359977916579017151

12020 Vykos the Cleaver (level 11, -1/64 HPs)
             Began as a Vampire Gladiator on Sept 20, 2023.
             Was an Initiate of Ashenzari.
             Slain by an orc
             ... wielding a +0 mace
              (2 damage)
             ... on level 1 of the Orcish Mines.
             The game lasted 03:49:41 (13871 turns).

Vykos the Cleaver (Vampire Gladiator)              Turns: 13871, Time: 03:49:42

Health: -1/64      AC: 22    Str: 13    XL:     11   Next: 57%
Magic:  25/25      EV: 11    Int: 21    God:    Ashenzari [......]
Gold:   938        SH:  0    Dex: 19    Spells: 10/17 levels left

rFire   + . .        x - +10 hand axe "Worm" {drain, Int+3}
rCold   + + +        (no shield)
rNeg    + + +        p - +0 plate armour {rPois}
rPois   ∞            M - +0 helmet
rElec   .            L - scarf "Bidwau Ulips" {rC+ rF+, +Blink Will- rCorr MP+9}
rCorr   +            l - +0 pair of gloves
SInv    +            G - +1 pair of boots {rampage}
Will    .....        i - amulet of faith Stlth
                     B - +4 ring of protection
HPRegen 0.00/turn    e - ring "Folint" {rC+ EV+5 Str-2 Int+4}
MPRegen 0.19/turn

%: rampage, faith
@: confused, bloodless, inhibited regen, studying Translocations
A: bloodless, fangs 3, see invisible, vampiric 2, agile 1, clever 1
a: Bat Form, Revivify, Renounce Religion, Evoke Blink, Curse Item


You were on level 1 of the Orcish Mines.
You worshipped Ashenzari.
Ashenzari was noncommittal.
You visited 4 branches of the dungeon, and saw 16 of its levels.

You collected 938 gold pieces.

Inventory:

Hand Weapons
 b - a +0 morningstar of protection
 n - a +2 scimitar of flaming
 o - a +2 short sword of freezing
 r - a +2 heavy mace
 x - the +10 hand axe "Worm" (weapon) {drain, Int+3}
   (You found it on level 4 of the Dungeon)

   Int:       It affects your intelligence (+3).
 J - a +5 trident of flaming
 N - a +5 short sword
 Q - a +2 long sword of flaming
 X - a +0 mace of holy wrath
Missiles
 K - 34 poisoned darts (quivered)
Armour
 a - a +2 leather armour of poison resistance
 c - a +0 plate armour
 d - +0 steam dragon scales
 l - a +0 pair of gloves (worn)
 p - a +0 plate armour of poison resistance (worn)
 A - a +3 leather armour
 C - a +0 chain mail
 G - a +1 pair of boots of rampaging (worn)
 L - the scarf "Bidwau Ulips" (worn) {rC+ rF+, +Blink Will- rCorr MP+9}
   (You found it on level 3 of the Dungeon)

   MP:        It affects your magic capacity (+9).
   +Blink:    It lets you blink.
   rCorr:     It protects you from acid and corrosion.
   Will:      It decreases your willpower.
 M - a +0 helmet (worn)
 S - a +0 chain mail
 U - a +0 robe of cold resistance
 W - a +0 plate armour
 Y - a +0 troll leather armour
Magical Staves
 v - a staff of cold
 Z - a staff of conjuration
Jewellery
 e - the ring "Folint" (right hand) {rC+ EV+5 Str-2 Int+4}
   (You acquired it on level 7 of the Dungeon)

   [ring of evasion]

   EV:        It affects your evasion (+5).
   Str:       It affects your strength (-2).
   Int:       It affects your intelligence (+4).
   rC:        It protects you from cold.
 i - an amulet of faith (around neck)
 y - a ring of protection from cold
 B - a +4 ring of protection (left hand)
 H - an amulet of magic regeneration
 I - a ring of poison resistance
Wands
 q - a wand of mindburst (16)
 s - a wand of flame (12)
 z - a wand of roots (5)
 E - a wand of quicksilver (23)
 R - a wand of charming (7)
 T - a wand of digging (5)
Scrolls
 g - 7 scrolls of identify
 k - 2 scrolls of blinking
 t - 5 scrolls of teleportation
Potions
 f - 7 potions of resistance
 h - a potion of brilliance
 j - a potion of cancellation
 m - 7 potions of curing
 u - 2 potions of invisibility
 w - 5 potions of flight
 D - 4 potions of attraction
 F - 2 potions of magic
 O - 4 potions of might
 P - 3 potions of haste
 V - a potion of heal wounds


   Skills:
 + Level 6.2 Fighting
 + Level 9.9(10.3) Axes
 + Level 1.7(6.0) Maces & Flails
 + Level 3.8(7.4) Polearms
 + Level 3.3 Throwing
 * Level 7.4 Armour
 - Level 5.5 Dodging
 - Level 4.5 Stealth
 - Level 3.9 Spellcasting
 - Level 1.1 Conjurations
 + Level 0.5 Summonings
 - Level 3.8 Necromancy
 - Level 3.3 Translocations
 * Level 1.7 Ice Magic


You had 10 spell levels left.
You knew the following spells:

 Your Spells              Type           Power      Damage    Failure   Level
a - Magic Dart            Conj           32%        1d4       99%         1
b - Call Imp              Summ           12%        N/A       100%        2
c - Sublimation of Blood  Necr           20%        N/A       97%         2
d - Blink                 Tloc           36%        N/A       98%         2

Your spell library contained the following spells:

 Spells                   Type           Power      Damage    Failure   Level
 Beastly Appendage        Tmut           8%         N/A       100%        1
 Ensorcelled Hibernation  Hex/Ice        14%        N/A       100%        2
 Wereblood                Tmut           4%         N/A       100%        2
 Hailstorm                Conj/Ice       10%        3d5       100%        3
 Mephitic Cloud           Conj/Pois/Air  5%         N/A       100%        3
 Ozocubu's Armour         Ice            11%        N/A       100%        3
 Spider Form              Tmut/Pois      4%         N/A       100%        3
 Volatile Blastmotes      Fire/Tloc      22%        2d11      100%        3
 Anguish                  Hex/Necr       6%         N/A       100%        4
 Fulminant Prism          Conj/Hex       3%         3d5       100%        4
 Ice Form                 Ice/Tmut       7%         N/A       100%        4
 Iskenderun's Mystic Bla  Conj/Tloc      13%        2d5       100%        4
 Manifold Assault         Tloc           18%        N/A       100%        4
 Alistair's Intoxication  Tmut/Pois      2%         N/A       100%        5
 Borgnjor's Vile Clutch   Necr/Erth      6%         N/A       100%        5
 Lee's Rapid Deconstruct  Erth           2%         3d4*      100%        5
 Eringya's Noxious Bog    Tmut/Pois      2%         N/A       100%        6
 Simulacrum               Ice/Necr       7%         N/A       100%        6
 Ozocubu's Refrigeration  Ice            5%         4d8       100%        7
 Storm Form               Tmut/Air       2%         N/A       100%        7
 Summon Hydra             Summ           3%         N/A       100%        7


Dungeon Overview and Level Annotations

Branches:
Dungeon (12/15)            Temple (1/1) D:5            Lair (2/5) D:11
    Orc (1/2) D:11
  Swamp: Lair:2-3    Shoals: Lair:2-3     Snake: Lair:2-3    Spider: Lair:2-3

Altars:
Ashenzari
Cheibriados
Dithmenos
Fedhas
Gozag
Hepliaklqana
Kikubaaqudgha
Makhleb
Nemelex Xobeh
Okawaru
Qazlal
Ru
Sif Muna
Trog
Uskayaw
Vehumet
Wu Jian
Xom
Yredelemnul

Shops:
D:2 =   D:4 !   D:10 *


Innate Abilities, Weirdness & Mutations

You do not regenerate when monsters are visible.
You are frail without blood (-20% HP).
You can heal yourself when you bite living creatures.
You are immune to poison.
You have razor-sharp teeth.
You have supernaturally acute eyesight. (SInv)
You are afflicted with vampirism and can become a bat while bloodless.
You are agile. (Dex +4, Str/Int -1)
Your mind is acute. (Int +4, Str/Dex -1)


Message History

x - the +10 hand axe "Worm" (weapon)
{drain, Int+3}
Found a leather armour.
You open the door.
Found a ring of protection from cold.
There is an open door here.
You open the door.
There is an open door here.
There is an open door here.
Your pack is full.
You see here a ring of protection from cold.
There is an open door here.
Found a staircase to the Orcish Mines.
You see here a +0 leather armour.
There is a staircase to the Orcish Mines here.
You climb downwards.
Welcome to the Orcish Mines!
The orc warrior shouts!
The orc shouts! x2; The ogre shouts!
The orc shouts! x2
The orc wizard shouts!
The orc warrior shouts!
The orc priest shouts!
The orc shouts!
You hear a shout!
Found 39 gold pieces.
Found a stone staircase leading down.
There is a staircase back to the Dungeon here.
You slash the orc warrior!
The orc warrior is moderately wounded.
You closely miss the orc warrior.
The orc warrior is moderately wounded.
The orc warrior hits you with a +0 war axe!
An orc priest comes into view. It is wielding a +0 morningstar.
The orc hits you but does no damage.
The orc priest calls down the wrath of Beogh upon you.
Beogh smites you!
The orc warrior hits you with a +0 war axe.
* * * LOW HITPOINT WARNING * * *
The orc wizard casts a spell at you.
You are confused.
The orc priest mumbles some strange prayers to Beogh against you.
Beogh smites you!
* * * LOW HITPOINT WARNING * * *
In your confused state, you trip and fall back down the stairs.
* * * LOW HITPOINT WARNING * * *
The orc hits you with a +0 mace.
You die...

#......####. ##
........#..
##.#...........
#..............
.....#..>...O..
.............$.
#..o.oo......
#.oo@o.....#
#....o.......
.......#o.#....
#.#.oo. .......
##....$ ..... .
##...# ......#
.... .##....
..... ## #..#


You could see 2 orc warriors, an ogre, 3 orc priests, an orc wizard and 4 orcs.

Vanquished Creatures
  A two-headed ogre (D:11)
  Erica (Lair:1)
  A boulder beetle (D:8)
  The ghost of Zeus21348 the Thaumaturge, a novice GrEE of Vehumet (D:8)
  Pikel (D:5)
  An ugly thing (D:12)
  A black mamba (Lair:1)
  A cane toad (Lair:2)
  A gargoyle (D:11)
  An unseen horror (D:11)
  2 komodo dragons
  A hornet (D:10)
  2 trolls (D:10)
  Prince Ribbit (D:6)
  A ynoxinul (D:10)
  10 yaks
  A shadow (D:10)
  2 basilisks (D:11)
  A steam dragon (D:6)
  2 wargs (D:11)
  2 water moccasins (Lair:1)
  An acid dragon (D:9)
  2 orc warriors
  A sky beast (D:8)
  A black bear (D:5)
  Pargi (D:3)
  An ice beast (D:7)
  A phantom (D:6)
  4 kobold brigands
  7 bullfrogs
  2 scorpions
  9 wights (D:7)
  12 killer bees
  6 howler monkeys
  4 orc priests
  4 hounds
  3 jellies
  2 sleepcaps
  Jessica (D:3)
  5 iguanas
  8 orc wizards
  7 gnolls
  6 adders
  A shadow imp (D:7)
  4 white imps
  3 worms
  2 dart slugs
  28 orcs
  6 endoplasms
  4 giant cockroaches
  10 goblins
  6 hobgoblins
  5 jackals (D:1)
  16 kobolds
  5 quokkas
  8 ball pythons
  6 bats
  3 frilled lizards
  3 rats
233 creatures vanquished.

Vanquished Creatures (collateral kills)
  A gnoll sergeant (D:10)
  A kobold (D:9)
2 creatures vanquished.

Grand Total: 235 creatures vanquished

Notes
Turn   | Place    | Note
-------+----------+-------------------------------------------
     0 | D:1      | Vykos the Vampire Gladiator began the quest for the Orb.
     0 | D:1      | Reached XP level 1. HP: 16/16 MP: 1/1
    50 | D:1      | Reached XP level 2. HP: 19/22 MP: 2/2
  1580 | D:2      | Gained mutation: You are afflicted with vampirism and can
                  | become a bat while bloodless. [Vampire growth]
  1580 | D:2      | Reached XP level 3. HP: 27/27 MP: 3/3
  1955 | D:2      | Found Vucopoch's Jewellery Shoppe.
  2362 | D:3      | Reached XP level 4. HP: 26/26 MP: 4/4
  2534 | D:3      | Reached skill level 1 in Armour
  2541 | D:3      | Noticed Pargi
  2561 | D:3      | HP: 1/26 [Pargi (3)]
  2782 | D:3      | Identified the scarf "Bidwau Ulips" {rC+ rF+, +Blink Will-
                  | rCorr MP+9}
  2881 | D:3      | Found a broken altar of Ashenzari.
  2983 | D:3      | Became a worshipper of Ashenzari the Shackled
  3064 | D:3      | Noticed Jessica
  3067 | D:3      | Killed Jessica
  3450 | D:4      | Reached skill level 1 in Maces & Flails
  3450 | D:4      | Reached XP level 5. HP: 25/35 MP: 6/6
  3700 | D:4      | Identified the +10 hand axe "Worm" {drain, Int+3}
  3750 | D:4      | Reached skill level 1 in Spellcasting
  3818 | D:5      | Entered Level 5 of the Dungeon
  3831 | D:5      | Reached XP level 6. HP: 28/41 MP: 7/7
  3928 | D:4      | Learned a level 1 spell: Magic Dart
  3931 | D:4      | Learned a level 2 spell: Call Imp
  4250 | D:5      | Noticed Pikel
  4326 | D:4      | Found Enky's Distillery.
  5030 | D:5      | Found a staircase to the Ecumenical Temple.
  5054 | Temple   | Entered the Ecumenical Temple
  5348 | D:5      | Killed Pikel
  5349 | D:5      | Reached skill level 2 in Axes
  5349 | D:5      | Reached skill level 1 in Stealth
  5349 | D:5      | Reached XP level 7. HP: 32/51 MP: 11/11
  5440 | D:3      | Killed Pargi
  5441 | D:3      | Reached XP level 8. HP: 57/57 MP: 12/12
  5617 | D:6      | Noticed Prince Ribbit
  5631 | D:6      | Killed Prince Ribbit
  5632 | D:6      | Reached skill level 3 in Axes
  6012 | D:5      | Reached skill level 5 in Armour
  6345 | D:6      | Reached skill level 4 in Axes
  6835 | D:6      | Identified a scroll of acquirement
  6835 | D:6      | Acquired a manual of Translocations
  7709 | D:7      | Reached XP level 9. HP: 33/62 MP: 14/14
  7711 | D:7      | Reached skill level 5 in Axes
  8246 | D:7      | Found a sparkling altar of Nemelex Xobeh.
  8249 | D:7      | Found a basalt altar of Yredelemnul.
  8252 | D:7      | Found a burning altar of Makhleb.
  8346 | D:8      | Reached skill level 6 in Axes
  8483 | D:8      | Found a runed translucent gate.
  8484 | D:8      | Found a runed translucent gate.
  8485 | D:8      | Found a runed translucent gate.
  8796 | D:7      | Acquired the ring "Folint" {rC+ EV+5 Str-2 Int+4}
  9180 | D:8      | Noticed Zeus21348's ghost (novice GrEE)
  9227 | D:8      | Killed Zeus21348's ghost
  9228 | D:8      | Reached skill level 7 in Axes
  9228 | D:8      | Reached skill level 1 in Conjurations
  9255 | D:8      | Found a transporter.
  9258 | D:8      | Found a transporter.
  9260 | D:8      | Noticed a boulder beetle
  9331 | D:8      | Learned a level 2 spell: Sublimation of Blood
  9553 | D:8      | Reached XP level 10. HP: 63/73 MP: 15/15
  9678 | D:8      | Killed a boulder beetle
  9679 | D:8      | Reached skill level 5 in Dodging
  9700 | D:8      | Learned a level 2 spell: Blink
  9779 | D:9      | Found a shimmering altar of Xom.
  9802 | D:9      | Found a shimmering altar of Xom.
  9839 | D:9      | Found a shimmering altar of Xom.
  9917 | D:10     | Entered Level 10 of the Dungeon
 10020 | D:10     | Reached skill level 5 in Fighting
 10121 | D:10     | Found a blossoming altar of Fedhas.
 10245 | D:10     | Reached skill level 1 in Necromancy
 10261 | D:10     | Reached skill level 8 in Axes
 10490 | D:10     | Found a shimmering blue altar of Sif Muna.
 10513 | D:10     | Found a bloodstained altar of Trog.
 10559 | D:10     | Got Sif Muna's Excursus on Violence
 10805 | D:9      | Found a shimmering altar of Xom.
 10806 | D:9      | Found a shimmering altar of Xom.
 10818 | D:9      | Found a shimmering altar of Xom.
 10869 | D:9      | Found a shimmering altar of Xom.
 10870 | D:9      | Found a shimmering altar of Xom.
 11173 | D:9      | Found a snail-covered altar of Cheibriados.
 11376 | D:10     | Found Kiesam's Hallowed Reliquary.
 11379 | D:10     | Noticed an angel
 11531 | D:11     | Found a staircase to the Lair.
 11565 | D:11     | Reached skill level 9 in Axes
 11581 | Lair:1   | Entered Level 1 of the Lair of Beasts
 11590 | Lair:1   | Gained mutation: Your mind is acute. (Int +4, Str/Dex -1)
                  | [potion of mutation]
 11590 | Lair:1   | Gained mutation: You are agile. (Dex +4, Str/Int -1)
                  | [potion of mutation]
 11604 | Lair:1   | Reached XP level 11. HP: 81/81 MP: 16/16
 12130 | Lair:1   | Noticed Erica
 12138 | Lair:1   | Killed Erica
 13010 | D:12     | Noticed a cyan ugly thing
 13024 | D:12     | Killed a cyan ugly thing
 13199 | D:11     | Reached skill level 1 in Ice Magic
 13625 | D:11     | Noticed a two-headed ogre
 13635 | D:11     | Killed a two-headed ogre
 13855 | D:11     | Found a staircase to the Orcish Mines.
 13867 | Orc:1    | Entered Level 1 of the Orcish Mines
 13870 | Orc:1    | HP: 2/64 [orc priest/divine providence (15)]
 13871 | Orc:1    | Slain by an orc

Illustrated notes

Levels and vault maps discovered:
D:1:      minmay_arrival_diagonal_passages, layout_basic
D:2:      layout_basic, serial_shops, shop
D:3:      layout_basic, amcnicky_altar_gilded, uniq_pargi, uniq_jessica
D:4:      cheibrodos_greedy_goblins, layout_cave_pools, serial_shops,
          nicolae_shop_back_alley_shop, minmay_starry_boxes
D:5:      layout_loops_ring, minmay_temple_entry_glassed_door, uniq_pikel
D:6:      layout_layer_cave, uniq_prince_ribbit1
D:7:      layout_loops_ring, nicolae_overflow_hidden_temple, minmay_holes
D:8:      gammafunk_boulding_lane, layout_rooms, ebering_ghost_rock_garden
D:9:      layout_rooms, xom_redecorated, chei_slow_surprise
D:10:     layout_rooms, nzn_overflow_gifts_of_might_and_magic, fedhas_altar_1,
          nicolae_good_shop
D:11:     layout_stronghold, erik_lair_orcish_takeover, orc_0_dummy,
          lightli_fourway_metalbox
D:12:     layout_cave_pods
Temple:   nicolae_temple_bog_church
Lair:1:   layout_regular_city, minivault_27, grunt_megastairs_2, uniq_erica
Lair:2:   layout_regular_city, nicolae_swamp_entry_splash_gauntlet,
          minmay_snake_entry_guardpost_small, lemuel_fruit_tree, uniq_fannar
Orc:1:    layout_caves, basic_altar

Skill      XL: |  1  2  3  4  5  6  7  8  9 10 11 |
---------------+----------------------------------+-----
Polearms       | 3 |  3.8
Fighting       | 2 3 4 5 6 |  6.2
Armour         | 1 3 4 5 6 7 |  7.4
Maces & Flails | 1 |  1.7
Spellcasting   | 1 2 3 |  3.9
Throwing       | 2 3 |  3.3
Axes           | 2 4 7 9 |  9.9
Dodging        | 4 5 |  5.5
Stealth        | 1 2 4 |  4.5
Conjurations   | 1 |  1.1
Translocations | 3 |  3.3
Necromancy     | 2 3 |  3.8
Ice Magic      | 1 |  1.7
Summonings     | |  0.5

Action                     |  1- 3 |  4- 6 |  7- 9 | 10-12 || total
---------------------------+-------+-------+-------+-------++-------
  Melee: Trident           |    50 |       |    17 |       ||    67
         Bite              |    10 |    17 |    23 |   109 ||   159
         Whip              |    20 |       |       |       ||    20
         Mace              |    44 |    85 |       |       ||   129
         Unarmed           |       |     4 |       |       ||     4
         Hand axe          |       |    65 |   185 |   480 ||   730
         Punch             |       |     1 |     5 |    11 ||    17
         Short sword       |       |       |       |     4 ||     4
         Morningstar       |       |       |       |    12 ||    12
  Throw: Throwing net      |     1 |     3 |       |       ||     4
         Stone             |     5 |       |       |       ||     5
         Dart              |       |     4 |    10 |       ||    14
         Javelin           |       |     1 |    13 |       ||    14
   Cast: Call Imp          |       |     1 |       |     1 ||     2
         Magic Dart        |       |       |    12 |     8 ||    20
Ability: Exsanguinate      |     1 |       |       |     1 ||     2
         Bat Form          |       |     1 |       |       ||     1
         Revivify          |       |     1 |       |       ||     1
  Evoke: Wand              |       |       |     1 |       ||     1
    Use: Scroll            |     4 |     5 |     5 |    12 ||    26
         Potion            |       |     1 |     1 |     7 ||     9
   Stab: Sleeping          |       |       |     1 |     1 ||     2
         Distracted        |       |       |       |     2 ||     2
 Armour: Leather armour    |    20 |       |       |       ||    20
         Ring mail         |    34 |       |       |       ||    34
         Chain mail        |    12 |   171 |    18 |       ||   201
         Plate armour      |       |       |    37 |    76 ||   113
         Steam dragon scal |       |       |    40 |    30 ||    70
  Dodge: Dodged            |   123 |   124 |   105 |   197 ||   549
